 Dungeon Crawl Stone Soup version 0.30-a0-2-gf48d83f5e2 (webtiles) character file.

Game seed: 7884306593678514084

70 SensoryNuts the Trooper (level 4, -2/37 HPs)
             Began as a Palentonga Fighter on Aug 20, 2022.
             Killed by divine providence
             ... invoked by an orc priest
              (17 damage)
             ... on level 3 of the Dungeon.
             The game lasted 00:01:44 (1470 turns).

SensoryNuts the Trooper (Palentonga Fighter)        Turns: 1470, Time: 00:01:44

Health: -2/37      AC:  9    Str: 23    XL:     4   Next: 4%
Magic:  4/4        EV: 11    Int:  9    God:
Gold:   68         SH:  4    Dex:  9    Spells: 3/3 levels left

rFire   . . .      SeeInvis +    a - +0 flail
rCold   . . .      Faith    .    c - +0 buckler
rNeg    . . .      Spirit   .    b - +0 scale mail
rPois   .          Reflect  .    (no helmet)
rElec   .          Harm     .    g - +0 cloak
rCorr   .          Rampage  .    m - +0 pair of gloves
Will    .....                    (no barding)
Stlth   ..........               (no amulet)
HPRegen 0.12/turn                j - +4 ring of evasion
MPRegen 0.09/turn                (no ring)

@: mighty
A: large, rugged brown scales 3, see invisible, deformed body, roll 1, armoured
tail
a: Rolling Charge


You were on level 3 of the Dungeon.
You visited 1 branch of the dungeon, and saw 3 of its levels.

You collected 68 gold pieces.

Inventory:

Hand Weapons
 a - a +0 flail (weapon)
Armour
 b - a +0 scale mail (worn)
 c - a +0 buckler (worn)
 g - a +0 cloak (worn)
 m - a +0 pair of gloves (worn)
Jewellery
 j - a +4 ring of evasion (left hand)
Wands
 u - a wand of iceblast (3)
Scrolls
 f - a scroll of enchant weapon {unknown}
 h - a scroll of enchant armour {unknown}
 k - 2 scrolls of identify {unknown}
 o - 2 scrolls of vulnerability {unknown}
 r - a scroll of amnesia {unknown}
 t - a scroll of immolation {unknown}
Potions
 e - a potion of cancellation {unknown}
 i - a potion of degeneration {unknown}
 l - a potion of ambrosia {unknown}
 n - 2 potions of curing {unknown}
 p - a potion of lignification {unknown}
 q - a potion of magic {unknown}
 s - a potion of brilliance {unknown}


   Skills:
 + Level 3.5 Fighting
 + Level 2.8 Maces & Flails
 + Level 2.9 Armour
 + Level 0.5 Dodging
 + Level 3.0 Shields


You had 3 spell levels left.
You didn't know any spells.
Your spell library was empty.

Dungeon Overview and Level Annotations

Branches:
Dungeon (3/15)

Altars:

Shops:
D:2 *


Innate Abilities, Weirdness & Mutations

You are completely covered in rugged brown scales. (AC +3, +7% HP)
You have supernaturally acute eyesight. (SInv)
Armour fits poorly on your strangely shaped body.
You can roll at nearby foes to attack.
You have a long armoured tail.


Message History

Found a stone staircase leading down.
The orc shouts!
The orc hits you with a +0 flail.
Things that are here:
a +0 mace; an orc corpse You hit the orc priest.
The orc priest is moderately wounded.
An orc wizard comes into view. It is wielding a +0 dagger.
An orc comes into view. It is wielding a +0 mace.
The orc priest hits you but does no damage.
The orc hits you with a +0 flail. The orc priest barely misses you.
An orc priest comes into view. It is wielding a +0 war axe.
The orc misses you.
The orc wizard moves out of view.
An orc comes into view. It is wielding a +0 hand axe.
The orc attacks as you move away! The orc hits you but does no damage.
The orc moves out of view.
You barely miss the orc priest.
The orc priest is moderately wounded.
The orc priest barely misses you.
You hit the orc priest but do no damage.
The orc priest is moderately wounded.
The orc priest completely misses you.
You barely miss the orc priest.
You tail-slap the orc priest, but do no damage.
The orc priest is moderately wounded.
The orc priest hits you with a +0 club.
The orc priest invokes the aid of Beogh against you.
Beogh smites you!
You hear a shout!
You feel very mighty all of a sudden. The orc hits you but does no damage.
The orc priest looks braver for a moment.
You closely miss the orc.
The orc shouts!
The orc closely misses you. The orc hits you with a +0 mace.
You sock the orc!
You kill the orc!
The orc priest invokes the aid of Beogh against you.
Beogh smites you!
You die...

....oo ...oo . #
##..... . #.#.
#....o####.. ...#
#... ...o...
...#.. .......
.####.#.###o......
........)@oo......
......#.####...[..
#######....+ >....
#........# ..##
#........# #..
#........# #
#........#
#........#
+>.......+


You could see 2 orc priests and 2 orcs.

Vanquished Creatures
  Terence (D:2)
  An adder (D:2)
  2 orcs (D:3)
  5 endoplasms
  4 giant cockroaches (D:1)
  5 goblins
  4 hobgoblins
  A quokka (D:1)
  3 ball pythons
  A bat (D:1)
  2 frilled lizards
  A kobold (D:2)
  2 rats
32 creatures vanquished.

Notes
Turn   | Place    | Note
-------+----------+-------------------------------------------
     0 | D:1      | SensoryNuts the Palentonga Fighter began the quest for the
                  | Orb.
     0 | D:1      | Reached XP level 1. HP: 19/19 MP: 1/1
   136 | D:1      | Reached XP level 2. HP: 21/25 MP: 2/2
   389 | D:1      | Found a faded altar of an unknown god.
   836 | D:2      | Reached XP level 3. HP: 31/31 MP: 3/3
   846 | D:2      | Noticed Terence
   857 | D:2      | Killed Terence
  1050 | D:2      | Found Gegh's General Store.
  1422 | D:3      | Reached XP level 4. HP: 37/37 MP: 4/4
  1470 | D:3      | Killed from afar by an orc priest

Illustrated notes

Levels and vault maps discovered:
D:1:      onia_arrival_pyramid, layout_rooms,
          shapermc_ecumenical_altar_starsandcircs
D:2:      layout_basic, serial_shops, shop, uniq_terence
D:3:      layout_basic

Skill      XL: |  1  2  3 |
---------------+----------+-----
Shields        | 3 |  3.0
Fighting       | |  3.5
Maces & Flails | |  2.8
Armour         | |  2.9
Dodging        | |  0.5

Action                   |  1- 3 |  4- 6 || total
-------------------------+-------+-------++-------
Melee: Flail             |    70 |     8 ||    78
       Tailslap          |     9 |     1 ||    10
  Use: Potion            |       |     1 ||     1
Armor: Scale mail        |    26 |     3 ||    29
Dodge: Dodged            |    24 |     5 ||    29
Block: Buckler           |    10 |       ||    10

Table legend: (Time is in decaauts)
 A = Elapsed time spent in this place.
 B = Non-inter-level travel time spent in this place.
 C = Inter-level travel time spent in this place.
 D = Time resting spent in this place.
 E = Time spent auto-exploring this place.
 F = Levels seen in this place.
 G = Mean time per level.
                   A        B        C        D        E       F      G
               +--------+--------+--------+--------+--------+-----+--------+
         Total |   1493 |   1431 |     62 |      0 |   1184 |   3 |  497.7 |
       Dungeon |   1493 |   1431 |     62 |      0 |   1184 |   3 |  497.7 |
               +--------+--------+--------+--------+--------+-----+--------+

Top non-repeatable levels by time:
     D:1: 724 daAuts
     D:2: 714 daAuts
     D:3: 54 daAuts
